 Dungeon Crawl Stone Soup version 0.31-a0-232-gb1c03b2570 (webtiles) character file.

Game seed: 8255282610522854097

122 qw the Shooter (level 5, 0/30 HPs)
             Began as a Gargoyle Hexslinger on July 7, 2023.
             Slain by a jackal (3 damage)
             ... on level 2 of the Dungeon.
             The game lasted 00:00:47 (1579 turns).

qw the Shooter (Gargoyle Hexslinger)                Turns: 1579, Time: 00:00:48

Health: 0/30       AC: 10    Str: 12    XL:     5   Next: 6%
Magic:  6/6        EV: 10    Int: 13    God:
Gold:   154        SH:  0    Dex: 14    Spells: 5/6 levels left

rFire   . . .        Y - +1 sling
rCold   . . .        (no shield)
rNeg    + . .        a - +0 ring mail
rPois   inf          h - +0 helmet
rElec   +            (no cloak)
rCorr   .            (no gloves)
SInv    .            (no boots)
Will    .....        (no amulet)
Stlth   +            (no ring)
HPRegen 0.25/turn    (no ring)
MPRegen 0.10/turn

%: no passive effects
@: no status effects
A: sickness immunity, AC +4, negative energy resistance 1, electricity
resistance, torment resistance 1, petrification resistance
a: no special abilities


You were on level 2 of the Dungeon.
You visited 1 branch of the dungeon, and saw 3 of its levels.

You collected 154 gold pieces.


Innate Abilities, Weirdness & Mutations

You are immune to sickness and miasma.
Your stone body is resilient. (AC +4)
You are immune to poison.
You resist negative energy. (rN+)
You are resistant to electric shocks. (rElec)
You are resistant to unholy torment.
You are immune to petrification.


   Skills:
 - Level 2.1 Fighting
 + Level 4.4 Ranged Weapons
 - Level 1.3 Armour
 - Level 1.5 Dodging
 - Level 1.0 Spellcasting
 - Level 2.6 Hexes


You had 5 spell levels left.
You knew the following spells:

 Your Spells              Type           Power      Damage    Failure   Level
a - Slow                  Hex            28%        N/A       21%         1

Your spell library contained the following spells:

 Spells                   Type           Power      Damage    Failure   Level
 Inner Flame              Hex/Fire       4%         N/A       71%         3
 Portal Projectile        Hex/Tloc       8%         N/A       71%         3
 Cause Fear               Hex            3%         N/A       90%         4

Inventory:

Hand Weapons
 Y - a +1 sling (weapon)
Armour
 a - a +0 ring mail (worn)
 b - a +0 pair of gloves
 h - a +0 helmet (worn)
Potions
 d - a potion of ambrosia {unknown}
 f - a potion of curing {unknown}
 g - a potion of cancellation {unknown}
 j - a potion of berserk rage {unknown}

Dungeon Overview and Level Annotations

Branches:
Dungeon (3/15)

Altars:
Vehumet


Message History

The jackal bites you but does no damage.
You shoot a sling bullet.
The sling bullet barely misses the jackal.
The jackal misses you. The jackal closely misses you.
The frilled lizard closely misses you.
The jackal bites you but does no damage.
The jackal barely misses you.
You shoot a sling bullet.
The sling bullet closely misses the jackal.
The jackal barely misses you. The frilled lizard barely misses you.
The jackal bites you. The jackal closely misses you.
The frilled lizard bites you but does no damage.
You shoot a sling bullet.
The sling bullet barely misses the jackal.
The jackal bites you but does no damage. x2
The jackal bites you. The frilled lizard bites you.
You shoot a sling bullet.
The sling bullet barely misses the jackal.
The jackal barely misses you.
The jackal bites you but does no damage.
The jackal bites you.
The jackal bites you but does no damage.
The frilled lizard barely misses you.
You shoot a sling bullet.
The sling bullet hits the jackal but does no damage.
The jackal bites you. x2; The frilled lizard barely misses you.
The jackal closely misses you.
The jackal bites you but does no damage.
The frilled lizard barely misses you.
You shoot a sling bullet.
The sling bullet closely misses the jackal.
The jackal barely misses you.
The jackal bites you but does no damage. x3
The frilled lizard barely misses you.
You shoot a sling bullet.
The sling bullet barely misses the jackal.
The jackal bites you but does no damage.
The jackal barely misses you. The frilled lizard barely misses you.
The jackal bites you.
You die...

#.# #..#..... #.#
#........ #.# ##.#.....#
#.# ##...>..... #.#
........%....
#######.#######........
........%..............
########.#######........
.......@h..# #.#.....#
#######lh...####........
..###.........###. #...
.#.#.##### ## #.#. # #.
.. #! #. #.. . .. #.. ##


You could see 2 jackals and a frilled lizard.

Vanquished Creatures
  5 adders
  2 river rats (D:3)
  6 worms
  A dart slug (D:2)
  4 ball pythons
  2 endoplasms
  3 goblins
  4 hobgoblins
  A jackal (D:2)
  2 quokkas (D:1)
  3 bats (D:1)
  2 frilled lizards (D:3)
  3 kobolds
  7 rats
45 creatures vanquished.

Notes
Turn   | Place    | Note
-------+----------+-------------------------------------------
     0 | D:1      | qw the Gargoyle Hexslinger began the quest for the Orb.
     0 | D:1      | Reached XP level 1. HP: 12/12 MP: 2/2
     0 | D:1      | 0 ||| qw: Version: 0.3-a-46-gb1f654a
     0 | D:1      | 0 ||| qw: Game counter: 2532
     0 | D:1      | 0 ||| qw: Melee chars always use a shield: true
     0 | D:1      | 0 ||| qw: God list: Okawaru
     0 | D:1      | 0 ||| qw: Allow faded altars: false
     0 | D:1      | 0 ||| qw: Do Orc after clearing Dungeon:15 true
     0 | D:1      | 0 ||| qw: Do second Lair branch before Depths: true
     0 | D:1      | 0 ||| qw: Lair rune preference: random
     0 | D:1      | 0 ||| qw: Goals: Normal
     0 | D:1      | 0 ||| PLANNING D:1-11
   279 | D:1      | Reached XP level 2. HP: 16/16 MP: 3/3
   406 | D:1      | Reached skill level 3 in Ranged Weapons
   512 | D:1      | 512 ||| READING 2 scrolls labelled PUTIUB ZAUSIBE.
   513 | D:1      | 513 ||| READING scroll labelled DAN HOHECHOR.
   514 | D:1      | 514 ||| READING scroll labelled VUMUAX CUHAPH.
   515 | D:1      | 515 ||| READING scroll labelled LOCROL DIUNNI.
   516 | D:1      | 516 ||| DROPPING scroll of noise.
   517 | D:1      | 517 ||| DROPPING scroll of poison.
   557 | D:2      | You fall into a shaft and drop 1 floor!
   558 | D:3      | 558 ||| PLANNING SEWER
   604 | D:3      | Found a radiant altar of Vehumet.
   631 | D:3      | Reached XP level 3. HP: 14/21 MP: 4/4
  1196 | D:3      | Reached XP level 4. HP: 22/26 MP: 5/5
  1203 | D:3      | Reached skill level 4 in Ranged Weapons
  1305 | D:3      | 1305 ||| RIP SEWER
  1336 | D:3      | 1336 ||| PLANNING D:1-11
  1336 | D:3      | 1336 ||| UPGRADING to +0 ring mail.
  1346 | D:3      | 1346 ||| DROPPING +0 robe.
  1347 | D:3      | 1347 ||| UPGRADING to +0 helmet.
  1352 | D:3      | 1352 ||| DROPPING ring of flight.
  1353 | D:3      | 1353 ||| DROPPING ring of magical power.
  1354 | D:3      | 1354 ||| READING scroll labelled SOSTEF INAEGEW.
  1393 | D:2      | Reached skill level 1 in Armour
  1533 | D:2      | Reached XP level 5. HP: 26/30 MP: 6/6
  1564 | D:2      | HP: 7/30 [worm (4)]
  1572 | D:2      | HP: 7/30 [jackal (2)]
  1577 | D:2      | HP: 3/30 [jackal (1)]
  1579 | D:2      | Slain by a jackal

Levels and vault maps discovered:
D:1:      erik_arrival_orb_chamber, layout_basic, chequers_serial_rivers_micro_a
D:2:      layout_basic, shapermc_ecumenical_altar_flowoftime, st_stairs_2,
          minmay_tetromino_t4
D:3:      layout_basic, mainiacjoe_overflow_chevrons, lightli_sewer_entry_pipes

Skill      XL: |  1  2  3  4 |
---------------+-------------+-----
Ranged Weapons | 3 4 |  4.4
Fighting       | 2 |  2.1
Armour         | 1 |  1.3
Dodging        | |  1.5
Spellcasting   | |  1.0
Hexes          | |  2.6

Action                     |  1- 3 |  4- 6 || total
---------------------------+-------+-------++-------
   Fire: Sling             |   121 |    94 ||   215
    Use: Scroll            |     4 |     1 ||     5
 Armour: Robe              |    22 |     2 ||    24
         Ring mail         |       |    53 ||    53
  Dodge: Dodged            |    45 |    95 ||   140

Table legend:
 A = Non-vault XP
 B = Vault XP
 C = Vault XP percentage of total XP
 D = Non-vault monster count
 E = Vault monster count
 F = Vault count percentage of total count
                 A         B        C        D         E       F
            +---------+---------+-------+---------+---------+-------
      Total |      79 |      96 |  54.9 |      30 |      15 |  33.3
            +---------+---------+-------+---------+---------+-------
        D:1 |      23 |       0 |   0.0 |      14 |       0 |   0.0
        D:2 |      21 |      23 |  52.3 |       4 |       6 |  60.0
        D:3 |      35 |      73 |  67.6 |      12 |       9 |  42.9
            +---------+---------+-------+---------+---------+-------
